 Dungeon Crawl Stone Soup version 0.30-a0-778-g2ef04afb54 (console) character file.

Game seed: 14872200290665780639

798 rlgrobin the Cleaver (level 8, -1/63 HPs)
             Began as a Meteoran Fighter on Feb 17, 2023.
             Slain by a water moccasin (7 damage)
             ... on level 7 of the Dungeon.
             The game lasted 00:03:40 (784 turns).

rlgrobin the Cleaver (Meteoran Fighter)              Turns: 784, Time: 00:03:40

Health: -1/63      AC: 13    Str: 26    XL:     8   Next: 35%
Magic:  9/9        EV:  9    Int: 10    God:
Gold:   50         SH:  5    Dex: 13    Spells: 7/7 levels left

rFire   . . .      SeeInvis .    a - +0 war axe
rCold   . . .      Faith    .    c - +0 buckler
rNeg    . . .      Spirit   .    b - +0 scale mail
rPois   .          Reflect  .    (no helmet)
rElec   .          Harm     .    o - +0 cloak
rCorr   .          Rampage  .    n - +0 pair of gloves
Will    +....                    (no boots) Stlth
                                 (no amulet)
HPRegen 0.30/turn                h - +4 ring of protection
MPRegen 0.11/turn                k - +6 ring of strength

@: mighty, glowing
A: sense surroundings 1, otherworldly, glowing, explore regen
a: no special abilities


You were on level 7 of the Dungeon.
You visited 1 branch of the dungeon, and saw 7 of its levels.

You collected 50 gold pieces.

Inventory:

Hand Weapons
 a - a +0 war axe (weapon)
Missiles
 g - 3 poisoned darts (quivered)
Armour
 b - a +0 scale mail (worn)
 c - a +0 buckler (worn)
 n - a +0 pair of gloves (worn)
 o - a +0 cloak (worn)
Jewellery
 h - a +4 ring of protection (left hand)
 k - a +6 ring of strength (right hand)
Scrolls
 e - a scroll of torment {unknown}
 f - a scroll of identify {unknown}
 i - 2 scrolls of fog {unknown}
 l - a scroll of vulnerability {unknown}
 q - a scroll of enchant armour {unknown}
 t - 3 scrolls of fear {unknown}
 u - a scroll of noise {unknown}
 v - a scroll of immolation {unknown}
Potions
 j - a potion of curing
 m - a potion of lignification {unknown}
 p - a potion of flight {unknown}
 r - 2 potions of resistance {unknown}
 s - a potion of mutation {unknown}


   Skills:
 - Level 3.2 Fighting
 + Level 10.5 Axes
 - Level 3.6 Armour
 - Level 3.6 Shields


You had 7 spell levels left.
You didn't know any spells.
Your spell library was empty.

Dungeon Overview and Level Annotations

Branches:
Dungeon (7/15) Zot: 3386
 Temple: D:4-7

Altars:

Annotations:
D:7 2 runed translucent doors


Innate Abilities, Weirdness & Mutations

You passively map a small area around you.
You are easily found by Zot.
You glow in the dark.
You regain HP and MP as you explore.


Message History

You slash the redback!
The redback is almost dead.
The redback bites you!
You are lethally poisoned!
The redback poisons you!
You closely miss the redback.
The redback is almost dead.
You feel extremely sick.
The redback bites you but does no damage. x2
You are too injured to fight recklessly!
You are too injured to fight recklessly!
You are too injured to fight recklessly!
You hit the redback.
You kill the redback!
* * * LOW HITPOINT WARNING * * *
You feel extremely sick.
You have reached level 8!
It was a potion of curing.
You feel better. The scorpion stings you.
* * * LOW HITPOINT WARNING * * *
The scorpion stings you but does no damage.
You barely miss the scorpion. The scorpion barely misses you.
You slash the scorpion!
You kill the scorpion!
The adder bites you but does no damage.
Your Axes skill increases to level 10!
You closely miss the adder. You barely miss the water moccasin.
The water moccasin bites you!
* * * LOW HITPOINT WARNING * * *
The water moccasin closely misses you.
You slice the water moccasin!!
The water moccasin is heavily wounded.
The water moccasin bites you.
* * * LOW HITPOINT WARNING * * *
You completely miss the water moccasin.
The water moccasin is heavily wounded.
You block the water moccasin's attack.
You slice the water moccasin!!
You kill the water moccasin!
You barely miss the water moccasin. The water moccasin bites you!
You die...

..# , #.........~~~~.# ..# ..
* .............~~≈.# ..##..,
######......~~~~##* ......,
##....##.#.#~~≈~~≈# ......,
#+....,#...#.~~≈≈≈≈#
.......##.#.....##..#..~≈≈≈≈≈
~
.....###..##...SS#))##..~≈≈≈≈
..####...yy###S###).#*######
###)+....yy#$:sS@...#
..####.y.yy###s###..#
.....###y.##.ss.s#..#
.......##y#.....##.##
....#...##+...s.#..#
#######..##....##.##
##..######..# ##........##
##########


You could see a water moccasin, 3 scorpions, 6 killer bees and an adder.

Vanquished Creatures
  A redback (D:7)
  2 water moccasins (D:7)
  A kobold brigand (D:7)
  2 scorpions
  A bullfrog (D:7)
  An orc priest (D:7)
  3 iguanas
  2 orc wizards (D:7)
  2 adders
  An ufetubus (D:4)
  A worm (D:4)
  8 orcs
  A hobgoblin (D:3)
  5 kobolds
  A quokka (D:4)
  A frilled lizard (D:3)
  5 rats
38 creatures vanquished.

Vanquished Creatures (others)
  10 fungi (D:5)
10 creatures vanquished.

Grand Total: 48 creatures vanquished

Notes
Turn   | Place    | Note
-------+----------+-------------------------------------------
     0 | D:1      | rlgrobin the Meteoran Fighter began the quest for the Orb.
     0 | D:1      | Reached XP level 1. HP: 19/19 MP: 2/2
    64 | D:3      | Reached skill level 3 in Axes
    64 | D:3      | Reached XP level 2. HP: 19/26 MP: 3/3
   243 | D:3      | Reached XP level 3. HP: 29/31 MP: 4/4
   246 | D:4      | Noticed a scorpion
   254 | D:4      | Reached skill level 4 in Axes
   258 | D:4      | Killed a scorpion
   259 | D:4      | Reached skill level 5 in Axes
   259 | D:4      | Reached XP level 4. HP: 10/38 MP: 5/5
   259 | D:4      | Reached XP level 5. HP: 13/45 MP: 6/6
   300 | D:5      | Entered Level 5 of the Dungeon
   311 | D:5      | Reached skill level 6 in Axes
   437 | D:5      | Reached XP level 6. HP: 51/51 MP: 7/7
   642 | D:7      | Reached skill level 7 in Axes
   680 | D:7      | Reached skill level 8 in Axes
   680 | D:7      | Reached XP level 7. HP: 47/57 MP: 8/8
   687 | D:7      | Found the +9 staff of Olgreb {rPois∞}
   694 | D:7      | Noticed a redback
   695 | D:7      | Found a runed translucent gate.
   695 | D:7      | Found a runed translucent gate.
   696 | D:7      | Found a runed translucent door.
   706 | D:7      | Found a runed translucent gate.
   707 | D:7      | Noticed a water moccasin
   707 | D:7      | Noticed a water moccasin
   707 | D:7      | Noticed a water moccasin
   707 | D:7      | Noticed a water moccasin
   761 | D:7      | Found a runed translucent door.
   769 | D:7      | Killed a water moccasin
   770 | D:7      | Reached skill level 9 in Axes
   775 | D:7      | Killed a redback
   776 | D:7      | Reached XP level 8. HP: 11/63 MP: 9/9
   779 | D:7      | Reached skill level 10 in Axes
   784 | D:7      | Slain by a water moccasin

Illustrated notes

Levels and vault maps discovered:
D:1:      dpeg_arrival_rooms_a, layout_basic
D:2:      layout_loops_cross, kennysheep_generic_room_9
D:3:      layout_basic, overflow_temple_1_default, uniq_terence
D:4:      layout_loops_ring, mainiacjoe_overflow_alcove_1,
          chequers_temple_overflow_minitemple, minmay_temple_entry_mist
D:5:      layout_basic, mainiacjoe_overflow_paths, serial_aquarium,
          aquarium_bridge_long_separate [aquarium_subvault_window,
          aquarium_subvault_window, aquarium_subvault_bridge,
          aquarium_subvault_bridge, aquarium_subvault_wall,
          aquarium_subvault_wall], aquarium_window_1, aquarium_window_1,
          aquarium_window_double, aquarium_view_2f, aquarium_view_2d
D:6:      layout_loops_ring
D:7:      layout_gridville, old_standard_altar, serial_rivers,
          chequers_serial_rivers_micro_c, chequers_serial_rivers_micro_a,
          chequers_serial_rivers_small_a, chequers_serial_rivers_micro_e,
          chequers_serial_rivers_room_a, chequers_serial_rivers_large_a,
          minmay_guarded_unrand_staff_of_olgreb, uniq_maggie

Skill      XL: |  1  2  3  4  5  6  7  8 |
---------------+-------------------------+-----
Axes           | 3 5 6 8 9 10 | 10.5
Fighting       | |  3.2
Armour         | |  3.6
Shields        | |  3.6

Action                     |  1- 3 |  4- 6 |  7- 9 || total
---------------------------+-------+-------+-------++-------
  Melee: War axe           |    28 |    55 |    25 ||   108
    Use: Potion            |       |       |     2 ||     2
 Armour: Scale mail        |    13 |    49 |    13 ||    75
  Dodge: Dodged            |    13 |    21 |     7 ||    41
  Block: Buckler           |     7 |    10 |     5 ||    22

Table legend: (Time is in decaauts)
 A = Elapsed time spent in this place.
 B = Non-inter-level travel time spent in this place.
 C = Inter-level travel time spent in this place.
 D = Time resting spent in this place.
 E = Time spent auto-exploring this place.
 F = Levels seen in this place.
 G = Mean time per level.
                   A        B        C        D        E       F      G
               +--------+--------+--------+--------+--------+-----+--------+
         Total |    812 |    812 |      0 |      0 |      0 |   7 |  116.0 |
       Dungeon |    812 |    812 |      0 |      0 |      0 |   7 |  116.0 |
               +--------+--------+--------+--------+--------+-----+--------+

Top non-repeatable levels by time:
     D:5: 261 daAuts
     D:3: 196 daAuts
     D:7: 174 daAuts
     D:4: 71 daAuts
     D:6: 54 daAuts
     D:2: 28 daAuts
     D:1: 26 daAuts
